 Dungeon Crawl Stone Soup version 0.30-a0-557-ge2afbf3030 (webtiles) character file.

Game seed: 17279308018012470990

84 sokol815 the Sneak (level 4, -2/28 HPs)
             Began as a Kobold Delver on Dec 27, 2022.
             Killed from afar by an orc wizard (6 damage)
             ... with a magic dart
             ... on level 4 of the Dungeon.
             The game lasted 00:01:04 (409 turns).

sokol815 the Sneak (Kobold Delver)                   Turns: 409, Time: 00:01:05

Health: -2/28      AC:  3    Str:  9    XL:     4   Next: 72%
Magic:  4/4        EV: 14    Int: 11    God:
Gold:   0          SH:  0    Dex: 18    Spells: 3/3 levels left

rFire   . . .      SeeInvis .    a - +0 short sword
rCold   . . .      Faith    .    (no shield)
rNeg    . . .      Spirit   .    b - +0 leather armour
rPois   .          Reflect  .    (no helmet)
rElec   .          Harm     .    (no cloak)
rCorr   .          Rampage  .    (no gloves)
Will    .....                    (no boots)
Stlth   ++++                     (no amulet)
HPRegen 0.24/turn                (no ring)
MPRegen 0.09/turn                (no ring)

@: hasted, very quick
A: small, no large weapons, nightstalker 3
a: no special abilities


You were on level 4 of the Dungeon.
You visited 1 branch of the dungeon, and saw 2 of its levels.

Inventory:

Hand Weapons
 a - a +0 short sword (weapon)
Missiles
 s - 5 stones
Armour
 b - a +0 leather armour (worn)
Wands
 d - a wand of digging (3)
 i - a wand of iceblast (7)
   (You found it on level 5 of the Dungeon)
Scrolls
 c - a scroll of fog
 E - a scroll of fear
 X - a scroll of magic mapping {@r4!r}
Potions
 e - a potion of invisibility {unknown}
 f - a potion of heal wounds {unknown}
 g - a potion of cancellation {unknown}


   Skills:
 - Level 3.2 Fighting
 + Level 6.1 Short Blades
 - Level 2.4 Dodging
 - Level 6.6 Stealth


You had 3 spell levels left.
You didn't know any spells.
Your spell library contained the following spells:

 Spells                   Type           Power      Damage    Failure   Level
 Malign Gateway           Summ/Tloc      0%         N/A       100%        7
 Summon Horrible Things   Summ           0%         N/A       100%        8


Dungeon Overview and Level Annotations

Branches:
Dungeon (5/15) Zot: 11609
 Temple: D:4-7

Altars:

Shops:
D:4 (

Annotations:
D:5 exclusion: iguana


Innate Abilities, Weirdness & Mutations

You are small and have problems with some larger weapons.
You are completely attuned to the shadows.


Message History

You hit the adder.
You feel sick. The adder bites you.
You take 2 damage, and have 15/28 hp.
You hit the adder.
You feel sick. The adder barely misses you.
You take 1 damage, and have 14/28 hp.
You hit the adder but do no damage.
You feel sick. The adder closely misses you.
You take 1 damage, and have 13/28 hp.
You barely miss the adder. The adder barely misses you.
You completely miss the adder.
You feel sick. The adder barely misses you.
You take 1 damage, and have 13/28 hp.
You hit the adder.
You feel sick. The adder misses you.
You take 1 damage, and have 12/28 hp.
You barely miss the adder. The adder barely misses you.
You closely miss the adder.
You feel sick.
You are no longer poisoned.
The adder bites you.
You take 2 damage, and have 10/28 hp.
You barely miss the adder. The adder bites you but does no damage.
You puncture the adder!
You kill the adder!
Your Short Blades skill increases to level 6!
You start resting.
Health restored: 28
g - a fuming green potion A goblin comes into view.
It is wielding a +0 dagger.
The goblin shouts!
You hit the goblin.
You kill the goblin!
No target in view!
You see here a +0 dagger. 2 orcs come into view.
An orc is wielding a +0 whip and quivering silver boomerangs.
An orc comes into view. It is wielding a +0 flail.
An orc wizard comes into view. It is wielding a +0 dagger.
Found Mozxysyt's Weapon Shoppe.
The orc hits you with a +0 short sword.
You take 2 damage, and have 26/28 hp.
You hit the orc but do no damage. Your punch misses the orc.
The orc shouts! x2; You hear a shout!
You hit the orc. The orc barely misses you.
The orc wizard gestures wildly while chanting.
The orc wizard flickers and vanishes!
Deactivating autopickup; reactivate with Ctrl-A.
You closely miss the orc. The orc closely misses you.
You hit the orc. The orc hits you with a +0 short sword.
You take 2 damage, and have 24/28 hp.
You hit the orc.
You kill the orc!
An orc comes into view. It is wielding a +0 flail.
The orc hits you with a +0 whip.
Things that are here:
a +0 short sword; a +0 leather armour; an orc corpse You take 2 damage, and have 22/28 hp.
The orc shouts!
You hit the orc. The orc closely misses you. x2
Something hits you but does no damage.
You feel yourself speed up.
A goblin comes into view. It is wielding a +0 club.
The orc misses you.
You closely miss the orc. You hit the orc but do no damage.
The orc hits you with a +0 flail!
You take 7 damage, and have 15/28 hp.
MASSIVE DAMAGE!!
You hit the orc. You hit the orc. You hit something.
You hit something but do no damage.
The orc throws a silver boomerang.
The silver boomerang closely misses you.
You barely miss something. You hit something.
The orc throws a silver boomerang.
The silver boomerang barely misses you. Something hits you.
You take 4 damage, and have 11/28 hp.
You closely miss something. You closely miss something.
The orc throws a silver boomerang.
The silver boomerang misses you.
You hear some strange, mumbled words.
A puff of flame appears from out of thin air!
The puff of flame hits you.
* * * LOW HITPOINT WARNING * * *
You take 3 damage, and have 8/28 hp.
You closely miss something. You hit something.
The orc throws a silver boomerang.
The silver boomerang barely misses you. Something hits you but does no damage.
You barely miss something. You hit something.
Something hits you but does no damage.
You hit something. You hit something but do no damage. Something hits you.
* * * LOW HITPOINT WARNING * * *
You take 4 damage, and have 5/28 hp.
You barely miss something. You hit something. You miss something.
Something hits you.
* * * LOW HITPOINT WARNING * * *
You take 2 damage, and have 3/28 hp.
You closely miss something. You hit something but do no damage.
The orc throws a silver boomerang.
The silver boomerang closely misses you.
You hear some strange, mumbled words.
A magic dart appears from out of thin air!
The magic dart hits you.
You die...

######### #.#
#.......#
#.#######.#####.#
#.#....)..# #@#
##.#.####### #{#
.......>.......ooo.#
#######.########g#.#
#.# .∩#.# #.# ### #
#.#


You could see 3 orcs and a goblin.

Vanquished Creatures
  A scorpion (D:5)
  2 adders
  2 orcs
  An endoplasm (D:4)
  A goblin (D:4)
7 creatures vanquished.

Notes
Turn   | Place    | Note
-------+----------+-------------------------------------------
     0 | D:5      | sokol815 the Kobold Delver began the quest for the Orb.
     0 | D:5      | Reached XP level 1. HP: 14/14 MP: 1/1
    28 | D:5      | Noticed a scorpion
    32 | D:5      | Killed a scorpion
    33 | D:5      | Reached skill level 5 in Short Blades
    33 | D:5      | Reached XP level 2. HP: 19/19 MP: 2/2
    33 | D:5      | Reached XP level 3. HP: 23/23 MP: 3/3
    33 | D:5      | Reached XP level 4. HP: 28/28 MP: 4/4
   288 | D:4      | Reached skill level 6 in Short Blades
   379 | D:4      | Found Mozxysyt's Weapon Shoppe.
   404 | D:4      | HP: 5/28 [something (4)]
   409 | D:4      | Killed from afar by an orc wizard

Illustrated notes

Levels and vault maps discovered:
D:4:      layout_basic, serial_shops, shop, minmay_misc_feat_columns,
          roderic_batcave, minmay_checkerbox, uniq_menkaure
D:5:      layout_basic, nicolae_ru_great_annihilating_truth

Skill      XL: |  1  2  3  4 |
---------------+-------------+-----
Short Blades   | 5 6 |  6.1
Fighting       | |  3.2
Dodging        | |  2.4
Stealth        | |  6.6

Action                   |  1- 3 |  4- 6 || total
-------------------------+-------+-------++-------
Melee: Short sword       |     1 |    50 ||    51
Throw: Stone             |       |     1 ||     1
  Use: Potion            |       |     1 ||     1
 Stab: Sleeping          |     1 |     2 ||     3
Armor: Leather armour    |       |     6 ||     6
Dodge: Dodged            |       |    21 ||    21

Table legend: (Time is in decaauts)
 A = Elapsed time spent in this place.
 B = Non-inter-level travel time spent in this place.
 C = Inter-level travel time spent in this place.
 D = Time resting spent in this place.
 E = Time spent auto-exploring this place.
 F = Levels seen in this place.
 G = Mean time per level.
                   A        B        C        D        E       F      G
               +--------+--------+--------+--------+--------+-----+--------+
         Total |    389 |    389 |      0 |     69 |    217 |   2 |  194.5 |
       Dungeon |    389 |    389 |      0 |     69 |    217 |   2 |  194.5 |
               +--------+--------+--------+--------+--------+-----+--------+

Top non-repeatable levels by time:
     D:5: 264 daAuts
     D:4: 125 daAuts

Table legend:
 A = Kills in this place as a percentage of kills in entire the game.
 B = Kills by you in this place as a percentage of kills by you in the entire game.
 C = Kills by friends in this place as a percentage of kills by friends in the entire game.
 D = Other kills in this place as a percentage of other kills in the entire game.
 E = Experience gained in this place as a percentage of experience gained in the entire game.
 F = Experience gained in this place divided by the number of levels of this place that you have seen.
                   A       B       C       D       E      F
               +-------+-------+-------+-------+-------+----------------------
         Total | 100.0 | 100.0 |   N/A |   N/A | 100.0 |  60.0
       Dungeon | 100.0 | 100.0 |   N/A |   N/A | 100.0 |  60.0
               +-------+-------+-------+-------+-------+----------------------
